 Dungeon Crawl Stone Soup version 0.31-a0-83-gbff143cfd1 (webtiles) character file.

Game seed: 2361768191246634404

1627819 Flugkiller the Eclecticist (level 26, 147/147 HPs)
             Began as a Vine Stalker Earth Elementalist on May 24, 2023.
             Was a High Priest of Nemelex Xobeh.
             Escaped with the Orb
             ... and 3 runes!
             The game lasted 02:34:38 (69235 turns).

Flugkiller the Eclecticist (VSEE)                  Turns: 69235, Time: 02:34:38

Health: 147/147    AC: 11    Str: 20    XL:     26   Next: 45%
Magic:  38/46      EV: 30    Int: 21    God:    Nemelex Xobeh [*****.]
Gold:   1902       SH:  0    Dex: 20    Spells: 8/61 levels left

rFire   + .          .
                       - Unarmed
rCold   + . .        u - orb {*channel}
rNeg    . . .        k - +0 robe {Archmagi}
rPois   .            m - +2 helmet
rElec   +            b - +0 cloak "Voesasti" {rElec rC+ Will++ Stlth-}
rCorr   .            Y - +2 pair of gloves
SInv    .            e - +2 pair of boots
Will    +++++        M - amulet "Ureucs" {Regen+ Str+5 Dex+3}
Stlth   +            v - +5 ring of evasion
HPRegen 2.04/turn    p - ring of protection from fire
MPRegen 0.30/turn

%: clarity, guardian spirit, archmagi, channel magic (20%)
@: studying 4 skills
A: fangs 3, regeneration 1, magic shield, antimagic bite, no potion heal 2,
clarity, deformed body, subdued magic 1
0: Orb of Zot
}: 3/15 runes: decaying, serpentine, silver
a: Renounce Religion, Draw Escape, Draw Destruction, Draw Summoning, Draw Stack,
Triple Draw, Deal Four, Stack Five


You escaped.
You worshipped Nemelex Xobeh.
Nemelex Xobeh was extremely pleased with you.
You visited 8 branches of the dungeon, and saw 44 of its levels.
You also visited: Gauntlet and Ice Cave.

You collected 5848 gold pieces.
You spent 3946 gold pieces at shops.

Inventory:

Missiles
 I - 4 throwing nets
 K - 13 curare-tipped darts (quivered)
Armour
 b - the +0 cloak "Voesasti" (worn) {rElec rC+ Will++ Stlth-}
   (You acquired it on level 3 of the Swamp)

   rC:        It protects you from cold.
   rElec:     It insulates you from electricity.
   Will:      It greatly increases your willpower.
   Stlth:     It makes you less stealthy.
 e - a +2 pair of boots (worn)
   (You found it on level 1 of the Dungeon)
 k - a +0 robe of the Archmagi (worn)
   (You took it off a nagaraja on level 4 of the Snake Pit)
 m - a +2 helmet (worn)
   (You took it off Robin on level 2 of the Dungeon)
 u - an orb of energy (worn)
   (You bought it in a shop on level 2 of the Orcish Mines)
 Y - a +2 pair of gloves (worn)
   (You found it on level 13 of the Dungeon)
Magical Staves
 a - a staff of air
   (You found it on level 4 of the Swamp)
Jewellery
 c - a ring of protection from cold
   (You found it on level 9 of the Dungeon)
 f - a ring of protection from fire
   (You took it off a white draconian on level 3 of the Realm of Zot)
 i - a ring of see invisible
   (You found it on level 2 of the Vaults)
 p - a ring of protection from fire (right hand)
   (You found it on level 6 of the Dungeon)
 v - a +5 ring of evasion (left hand)
   (You found it on level 12 of the Dungeon)
 x - a +4 ring of protection
   (You found it on level 1 of the Vaults)
 M - the amulet "Ureucs" (around neck) {Regen+ Str+5 Dex+3}
   (You found it in an ice cave)

   [amulet of regeneration]

   Str:       It affects your strength (+5).
   Dex:       It affects your dexterity (+3).
   Regen:     It increases your rate of health regeneration.
 S - a +5 ring of evasion
   (You bought it in a shop on level 2 of the Orcish Mines)
Wands
 j - a wand of charming (56)
   (You found it on level 11 of the Dungeon)
 y - a wand of mindburst (14)
   (You found it on level 6 of the Dungeon)
 C - a wand of iceblast (49)
   (You found it in an ice cave)
 J - a wand of acid (54)
   (You found it on level 3 of the Lair of Beasts)
 R - a wand of digging (9)
   (You found it on level 12 of the Dungeon)
Scrolls
 o - a scroll of butterflies
 s - 6 scrolls of immolation
 t - 10 scrolls of teleportation
 w - 6 scrolls of magic mapping
 z - 3 scrolls of blinking
 B - 7 scrolls of vulnerability
 F - 8 scrolls of fog
 L - 2 scrolls of torment
 N - 6 scrolls of silence
 T - 9 scrolls of fear
 V - 4 scrolls of poison
Potions
 d - 6 potions of might
 g - 10 potions of brilliance
 h - a potion of haste
 l - a potion of berserk rage
 q - 15 potions of curing
 A - 7 potions of enlightenment
 D - a potion of magic
 E - 8 potions of attraction
 G - a potion of cancellation
 H - 2 potions of lignification
 P - a potion of mutation
 Q - 4 potions of invisibility
 Z - 17 potions of ambrosia
Miscellaneous
 r - a box of beasts
   (You found it on level 4 of the Vaults)
 O - a phantom mirror
   (You found it on level 5 of the Vaults)
 W - a phial of floods
   (You found it on level 13 of the Dungeon)
 X - a condenser vane
   (You found it on level 13 of the Dungeon)


   Skills:
 - Level 18.0 Fighting
 - Level 6.0 Short Blades
 - Level 18.0 Dodging
 - Level 2.4 Stealth
 + Level 17.7 Unarmed Combat
 - Level 18.0 Spellcasting
 - Level 10.0 Conjurations
 - Level 10.0 Necromancy
 - Level 4.0 Translocations
 - Level 15.0 Transmutations
 - Level 15.0 Air Magic
 - Level 17.0 Earth Magic
 - Level 14.0 Invocations


You had 8 spell levels left.
You knew the following spells:

 Your Spells              Type           Power      Damage    Failure   Level
a - Sandblast             Erth           100%       2d20      1%          1
b - Stone Arrow           Conj/Erth      100%       3d13      1%          3
c - Petrify               Tmut/Erth      73%        N/A       1%          4
d - Arcjolt               Conj/Air       32%        1d42      4%          5
e - Lee's Rapid Deconstr  Erth           40%        3d20*     1%          5
f - Statue Form           Tmut/Erth      48%        N/A       5%          6
g - Borgnjor's Vile Clut  Necr/Erth      33%        N/A       3%          5
h - Storm Form            Tmut/Air       35%        N/A       26%         7
i - Irradiate             Conj/Tmut      32%        3d22      4%          5
j - Vhi's Electric Charg  Tloc/Air       100%       N/A       2%          3
k - Dragon Form           Tmut           38%        N/A       12%         7
r - Blink                 Tloc           82%        N/A       3%          2

Your spell library contained the following spells:

 Spells                   Type           Power      Damage    Failure   Level
 Kiss of Death            Conj/Necr      100%       2d13      1%          1
 Passwall                 Tmut/Erth      60%        N/A       1%          2
 Sublimation of Blood     Necr           63%        N/A       1%          2
 Cigotuvi's Dreadful Rot  Necr/Pois/Air  94%        N/A       2%          2
 Poisonous Vapours        Pois/Air       94%        N/A       2%          2
 Animate Dead             Necr           63%        N/A       2%          4
 Dispel Undead            Necr           63%        3d22      2%          4
 Foxfire                  Conj/Fire      100%       2x1d9     3%          1
 Spider Form              Tmut/Pois      47%        N/A       4%          3
 Iskenderun's Battlesphe  Conj           63%        2d11      4%          5
 Animate Armour           Summ/Erth      100%       N/A       7%          4
 Leda's Liquefaction      Hex/Erth       25%        N/A       7%          4
 Dazzling Flash           Conj/Hex       70%        N/A       8%          3
 Ignite Poison            Fire/Tmut/Pois 31%        N/A       10%         3
 Iskenderun's Mystic Bla  Conj/Tloc      44%        2d10      11%         4
 Iron Shot                Conj/Erth      33%        9d7       11%         6
 Manifold Assault         Tloc           41%        N/A       13%         4
 Passage of Golubria      Tloc           41%        N/A       13%         4
 Death Channel            Necr           31%        N/A       16%         6
 Confusing Touch          Hex            21%        N/A       19%         3
 Tukima's Dance           Hex            21%        N/A       19%         3
 Anguish                  Hex/Necr       17%        N/A       19%         4
 Sticky Flame             Conj/Fire      35%        2d5       19%         4
 Yara's Violent Unravell  Hex/Tmut       23%        3d10      19%         5
 Volatile Blastmotes      Fire/Tloc      40%        2d13      21%         3
 Ensorcelled Hibernation  Hex/Ice        20%        N/A       22%         2
 Inner Flame              Hex/Fire       10%        N/A       38%         3
 Cause Fear               Hex            10%        N/A       45%         4
 Maxwell's Capacitive Co  Air            38%        ∞         54%         8
 Dispersal                Tloc           20%        N/A       78%         6
 Starburst                Conj/Fire      17%        6d6       90%         6
 Lehudib's Crystal Spear  Conj/Erth      33%        10d8      95%         8
 Necromutation            Tmut/Necr      32%        N/A       98%         8
 Borgnjor's Revivificati  Necr           31%        N/A       99%         8
 Enfeeble                 Hex            10%        N/A       100%        7
 Spellforged Servitor     Conj/Summ      17%        N/A       100%        7
 Disjunction              Tloc           20%        N/A       100%        8
 Ignition                 Fire           10%        3d5       100%        8
 Death's Door             Necr           31%        N/A       100%        9
 Dragon's Call            Summ           10%        N/A       100%        9


Dungeon Overview and Level Annotations

Branches:
Dungeon (15/15)            Temple (0/1) D:7            Lair (5/5) D:10
  Swamp (4/4) Lair:2        Snake (4/4) Lair:2        Slime (0/5) Lair:5
    Orc (2/2) D:10            Elf (0/3) Orc:2        Vaults (5/5) D:14
  Crypt (0/3) Vaults:3     Depths (4/4) D:15            Zot (5/5) Depths:4
  IceCv (visited)         Gauntlet (visited)

Altars:
Hepliaklqana
Makhleb
Nemelex Xobeh
Okawaru
Qazlal
Ru
Sif Muna
Trog
Vehumet
Wu Jian
The Shining One

Shops:
D:2 ?   D:9 (   D:15 ?   Orc:1 :   Orc:2 :?::**:?   Snake:1 [   Vaults:1 (
Vaults:2 [   Depths:1 *   Depths:3 *   Depths:4 (

Portals:
Hell: Depths:1 Depths:3 Depths:4
Abyss: Depths:3 Depths:4
Pandemonium: Depths:3
Ziggurat: Depths:2
Trove: D:12 (give +7 demon whip)

Annotations:
D:7 exclusion: statue
D:14 3 runed translucent doors, Jawn's ghost, journeyman GrEE
Snake:3 2 transporters, wjtupper's ghost, adept MiHu
Snake:4 1 runed translucent door, Vorhees's ghost, adept DjCj
Orc:2 3 runed translucent doors, KimchiStew's ghost, journeyman FoMo
Zot:4 4 transporters
Abyss:1 Parghit; Tiamat


Innate Abilities, Weirdness & Mutations

You have razor-sharp teeth.
Your natural rate of healing is unusually fast.
When hurt, damage is shared between your health and your magic reserves.
Your bite disrupts and absorbs the magic of your enemies.
Potions cannot restore your health.
You possess an exceptional clarity of mind.
Armour fits poorly on your strangely shaped body.
Your spells are a little easier to cast, but a little less powerful.


Message History

You see here a +0 dagger.
Things that are here:
a +0 dagger; a +0 club A blizzard demon comes into view.
Things that are here:
a +0 animal skin; a +0 spear A balrug and 3 sun demons come into view.
You hit the sun demon. You bite the sun demon! You drain its power.
The sun demon is moderately wounded.
You squash the sun demon like an ant!!!
Your bite misses the sun demon.
The sun demon is severely wounded.
Casting: Statue Form (dangerous; 5% risk of failure)
Confirm with . or Enter, or press ? or * to list all spells.
You feel a surge of power!
You turn into a living statue of rough stone.
Your +2 pair of gloves melds into your body.
Your +2 pair of boots melds into your body.
Your +0 robe of the Archmagi melds into your body.
You feel strangely numb. The sun demon misses you.
The sun demon completely misses you. The sun demon misses you. x2
You punch the sun demon!
The sun demon is heavily wounded.
The sun demon misses you. The sun demon closely misses you.
The balrug gestures at you. Something smites you!
You hit the sun demon but do no damage.
You bite the sun demon, but do no damage.
The sun demon is heavily wounded.
The balrug gestures at you.
The fireball explodes!
The fireball engulfs the sun demon.
The sun demon completely resists.
The fireball engulfs the balrug.
The balrug completely resists.
The fireball engulfs the sun demon.
The sun demon completely resists.
The fireball engulfs you!! You resist. The sun demon misses you.
The sun demon hits you!!
You are engulfed in flames.
You resist.
You pulverise the sun demon!!!
You kill the sun demon!
The balrug gestures at you. The bolt of fire misses you.
The sun demon hits you!
You are engulfed in flames.
You resist.
You hit the sun demon. You bite the sun demon!
You kill the sun demon!
The balrug gestures at you. Something smites you!
The blizzard demon gestures at you. The bolt of cold misses you.
The balrug barely misses you. The sun demon misses you.
The balrug hits you with a +0 demon whip.
You are engulfed in flames!
You resist.
Casting: Statue Form (dangerous; 5% risk of failure)
Confirm with . or Enter, or press ? or * to list all spells.
You erupt in a fountain of uncontrolled magic!
The sun demon is blasted with magical radiation!!!
The sun demon is severely wounded.
The balrug is blasted with magical radiation!!!
The balrug is severely wounded.
The balrug twists and deforms.
The blizzard demon is blasted with magical radiation!
The blizzard demon is lightly wounded.
The blizzard demon twists and deforms.
You are very lightly contaminated with residual magic.
The sun demon hits you but does no damage.
The balrug completely misses you. The blizzard demon gestures at you.
The bolt of cold misses you.
Casting: Irradiate (mildly dangerous; 4% risk of failure)
Confirm with . or Enter, or press ? or * to list all spells.
You erupt in a fountain of uncontrolled magic!
The sun demon is blasted with magical radiation!!
You kill the sun demon!
The balrug is blasted with magical radiation!!!
You kill the balrug!
The blizzard demon is blasted with magical radiation!!!
You kill the blizzard demon!
You are lightly contaminated with residual magic.
Magical energy flows into your mind!
Unknown command.
Things that are here:
a +0 dagger; a +0 club
There is a stone staircase leading up here.
You revert to your normal fleshy form.
Your +2 pair of gloves unmelds from your body.
Your +2 pair of boots unmelds from your body.
Your +0 robe of the Archmagi unmelds from your body.
You feel powerful.
You start resting.
HP restored.
You start resting.
Your magical contamination has completely faded away.
You climb upwards.
There is a stone staircase leading down here.
Unknown command.
(D) Dungeon (T) Temple (L) Lair (S) Swamp (P) Snake Pit (M) Slime Pits (O) Orcish Mines (E) Elven Halls (V) Vaults (C) Crypt (U) Depths (H) Hell (Z) Zot
Where to? (Enter - D:1 @ (x,y), ? - help)
There is a staircase leading out of the dungeon here.
Enter note: gg You have escaped!

....########.# ###########.## #
.##.##.......# #.# #
..#.##.####### #.# # _...##.# #.#
# ..#.##.## ############# #.# #
.##.....###...........####.######
....#####...###...###...###..>.##
#######...####.....####...####.÷.
....##).#####...@...#####..######
#####..## ##.........## ##..##
####..## ##...........## ##..##
.##..## ##......#......## ##..##
##..## ##......###......## ##..##
##.## ##......## ##......## ##.##
#..# ##......## ##......## #..#
#.####......## ##......####.#
)..........## ##...^......#


There were no monsters in sight!

Vanquished Creatures
  A dread lich (Vaults:5)
  An ancient lich (Zot:5)
  8 orbs of fire
  Mara (Swamp:3)
  2 juggernauts
  Bai Suzhen (Vaults:5)
  3 Killer Klowns
  Saint Roka (Vaults:3)
  Boris (Depths:3)
  5 curse toes
  9 golden dragons
  Jory (Vaults:2)
  2 bone dragons (Depths:4)
  5 electric golems
  16 tentacled monstrosities
  4 liches
  Zenata (Vaults:2)
  A walking earthen tome (Depths:3)
  28 Orb Guardians
  8 quicksilver dragons
  A walking frostbound tome (Depths:3)
  10 death cobs
  An Executioner (D:15)
  5 tengu reavers
  4 titans (Vaults:5)
  3 sphinxes
  12 shadow dragons
  The ghost of decrepitude the Warrior, an adept OpTm of Gozag (Swamp:4)
  16 storm dragons
  2 draconian monks
  A rockslime (Vaults:5)
  15 nagarajas
  The ghost of KimchiStew the Devastator, an adept TeCj of Vehumet (Swamp:4)
  4 iron dragons
  3 azure jellies
  5 fire giants
  19 vault wardens
  5 draconian knights
  A fire giant (shapeshifter) (Vaults:5)
  A deep elf sorcerer (Vaults:3)
  8 frost giants
  5 draconian scorchers
  A draconian stormcaller (Zot:2)
  A ghost moth (Zot:1)
  A balrug (D:2)
  8 draconian annihilators
  5 draconian shifters
  19 ironbound preservers
  A cacodemon (D:13)
  4 war gargoyles
  25 very ugly things
  9 ironbound thunderhulks
  2 quicksilver oozes
  14 stone giants
  A deep elf demonologist (Vaults:3)
  A spark wasp (Depths:3)
  3 yellow draconians
  7 eleionomae
  11 red draconians
  10 dire elephants
  A minotaur (Gauntlet)
  13 purple draconians
  A bunyip (Swamp:1)
  7 black draconians
  8 green draconians
  8 white draconians
  A formless jellyfish (Vaults:1)
  A blizzard demon (D:2)
  3 crystal guardians (Vaults:3)
  17 yaktaur captains
  7 fire dragons
  15 ettins
  Josephine (D:13)
  9 deep elf high priests
  An entropy weaver (Depths:3)
  3 hell beasts
  2 salamander tyrants (Snake:4)
  4 great orbs of eyes
  3 rakshasas
  30 vault guards
  31 hydras
  5 ice dragons
  4 spriggan air magi
  4 peacekeepers
  8 anacondas
  3 death knights
  4 ogre magi
  Erica (Orc:1)
  2 ghost crabs
  12 ironbound frosthearts
  7 alligators
  3 boulder beetles
  6 catoblepae
  7 two-headed ogres
  6 deep troll shamans
  14 centaur warriors
  11 deep troll earth magi
  18 naga warriors
  2 vampire magi
  7 hell hogs
  6 death yaks
  4 tengu warriors
  15 naga sharpshooters
  4 shock serpents
  2 spriggan berserkers
  6 spriggans
  3 skysharks
  7 hell knights
  8 iron trolls
  3 sun demons (D:2)
  4 salamander mystics
  Sonja (Orc:2)
  A sixfirhy (D:13)
  50 deep trolls
  5 goliath frogs
  A fire crab (Swamp:4)
  A glowing orange brain (shapeshifter) (Vaults:5)
  A death drake (Swamp:3)
  4 skeletal warriors
  2 glowing orange brains
  5 naga ritualists
  6 bog bodies
  3 spriggan druids
  8 swamp dragons
  A large abomination (D:15)
  6 phantasmal warriors (Vaults:5)
  3 orc knights
  13 lindwurms
  Pikel (D:7)
  21 ironbound convokers
  8 wizards
  8 necromancers
  12 mana vipers
  42 ugly things
  An oklob plant (Gauntlet)
  4 orc sorcerers
  4 harpies (Vaults:2)
  3 manticores
  17 salamanders
  3 deep elf pyromancers
  15 elephants
  2 will-o-the-wisps
  5 cyclopes
  32 black mambas
  33 moths of wrath
  2 ice statues (IceCv)
  19 vault sentinels
  6 guardian serpents (Snake:4)
  13 naga magi
  2 orange demons
  11 cane toads
  2 smoke demons (Depths:3)
  A rust devil (Depths:3)
  2 unseen horrors
  2 rime drakes
  2 ice devils
  50 yaktaurs
  A tormentor (D:9)
  5 komodo dragons
  4 freezing wraiths
  A meliai (Vaults:2)
  3 tengu conjurers
  2 queen bees
  6 trolls
  A troll (shapeshifter) (Vaults:5)
  A hellwing (Zot:3)
  2 polar bears
  11 tyrant leeches
  9 blink frogs
  A raiju (Vaults:1)
  6 hornets
  Prince Ribbit (D:7)
  52 slime creatures
  5 dream sheep (Lair:5)
  A culicivora (shapeshifter) (Vaults:3)
  A shapeshifter (Vaults:5)
  2 centaur simulacra (D:11)
  A jumping spider (Vaults:2)
  3 shadows
  A vampire (D:11)
  2 water elementals (Depths:2)
  8 wraiths
  A spriggan (shapeshifter) (D:13)
  60 yaks
  8 wyverns
  9 basilisks
  4 chaos spawn
  7 steam dragons
  2 redbacks (Vaults:1)
  17 humans (D:14)
  A neqoxec (Gauntlet)
  2 fire bats (Swamp:4)
  2 wargs (Orc:2)
  45 nagas
  11 swamp worms
  7 acid dragons
  19 water moccasins
  A floating eye (Vaults:2)
  3 hell hounds (D:15)
  14 swamp drakes
  4 ice beasts
  2 sky beasts
  42 orc warriors
  4 ogres
  2 black bears
  3 great orb of eyes simulacra (IceCv)
  2 centaurs (shapeshifter)
  22 wolves
  24 centaurs
  A lemure (D:6)
  2 slime creature simulacra (IceCv)
  8 kobold brigands
  13 bullfrogs
  6 earth elementals (D:13)
  2 gnoll sergeants
  3 scorpions
  6 glowing shapeshifter simulacra (IceCv)
  10 wights
  40 killer bees
  A killer bee (shapeshifter) (Vaults:5)
  4 howler monkeys
  3 electric eels (D:11)
  11 orc priests
  Crazy Yiuf (D:3)
  2 hounds
  4 jellies
  A sleepcap (D:7)
  2 gnoll boudas
  Natasha (thrice) (D:2)
  Terence (D:3)
  14 orc wizards
  Ijyb (D:3)
  6 hell rats (Lair:5)
  5 shapeshifter simulacra (IceCv)
  Robin (D:2)
  15 adders
  12 gnolls
  2 shadow imps
  16 white imps
  A howler monkey simulacrum (D:11)
  4 ufetubi
  3 worms
  4 dart slugs
  69 orcs
  7 ball pythons
  10 endoplasms
  4 giant cockroaches
  13 goblins
  A hobgoblin (shapeshifter) (Vaults:5)
  13 hobgoblins
  3 jackals (D:1)
  3 quokkas
  4 bats
  5 frilled lizards
  9 kobolds
  3 rats (D:2)
  A spectral goblin (D:10)
1932 creatures vanquished.

Vanquished Creatures (collateral kills)
  A quicksilver dragon (Depths:3)
  2 nagarajas (Snake:4)
  Aizul (Snake:2)
  A war gargoyle (Vaults:5)
  A broodmother (Depths:3)
  A vault guard (Vaults:5)
  An anaconda (Depths:3)
  A naga warrior (Snake:2)
  A mana viper (Snake:2)
  A steelbarb worm (D:8)
  An ironbound convoker (Vaults:5)
  A naga (Snake:2)
13 creatures vanquished.

Vanquished Creatures (others)
  A naga sharpshooter (Snake:4)
  A wizard (Vaults:4)
  A bloated husk (Swamp:4)
  A swamp drake (Swamp:4)
  2 orcs
  18 foxfires
24 creatures vanquished.

Grand Total: 1969 creatures vanquished

Notes
Turn   | Place    | Note
-------+----------+-------------------------------------------
     0 | D:1      | Flugkiller the Vine Stalker Earth Elementalist began the
                  | quest for the Orb.
     0 | D:1      | Reached XP level 1. HP: 9/9 MP: 4/4
   299 | D:1      | Reached XP level 2. HP: 13/13 MP: 3/6
  1016 | D:1      | Found a faded altar of an unknown god.
  1020 | D:1      | Reached XP level 3. HP: 16/16 MP: 4/8
  1055 | D:1      | Prayed at the altar of an unknown god.
  1055 | D:1      | Became a worshipper of Nemelex Xobeh the Trickster
  1055 | D:1      | Reached * piety under Nemelex Xobeh
  1326 | D:2      | Noticed Robin
  1373 | D:2      | Killed Robin
  1395 | D:2      | Gained mutation: Your natural rate of healing is unusually
                  | fast. [Vine Stalker growth]
  1395 | D:2      | Reached XP level 4. HP: 21/21 MP: 1/9
  1745 | D:2      | Noticed Natasha
  1817 | D:2      | Killed Natasha
  1818 | D:2      | Reached skill level 1 in Fighting
  1954 | D:2      | Received a gift from Nemelex Xobeh
  2296 | D:2      | Reached XP level 5. HP: 25/25 MP: 7/10
  2329 | D:2      | Found The Oracle's Delphic Readings.
  2468 | D:2      | Found The Oracle's Delphic Readings.
  2497 | D:2      | Noticed Natasha
  2505 | D:2      | Killed Natasha
  2506 | D:2      | Reached skill level 5 in Earth Magic
  2506 | D:2      | Reached skill level 1 in Invocations
  2901 | D:2      | Noticed Natasha
  2910 | D:2      | Killed Natasha
  3028 | D:2      | Found The Oracle's Delphic Readings.
  3490 | D:2      | Learned a level 3 spell: Stone Arrow
  3681 | D:3      | Noticed Ijyb
  3692 | D:3      | Killed Ijyb
  3874 | D:3      | Identified the +8 mace "Necoanyu" {flame, Will+}
  4141 | D:3      | Reached skill level 1 in Conjurations
  4141 | D:3      | Reached XP level 6. HP: 29/30 MP: 6/12
  4317 | D:3      | Noticed Terence
  4351 | D:3      | Killed Terence
  4417 | D:3      | Found a runed translucent door.
  4418 | D:3      | Noticed Crazy Yiuf
  4573 | D:3      | Reached XP level 7. HP: 33/33 MP: 4/14
  4983 | D:3      | Killed Crazy Yiuf
  5057 | D:4      | Reached ** piety under Nemelex Xobeh
  5234 | D:4      | Found a shimmering blue altar of Sif Muna.
  5732 | D:4      | Received a gift from Nemelex Xobeh
  6045 | D:5      | Entered Level 5 of the Dungeon
  6197 | D:5      | Gained mutation: You have razor-sharp teeth. [Vine Stalker
                  | growth]
  6197 | D:5      | Reached XP level 8. HP: 39/39 MP: 3/16
  6378 | D:5      | Reached *** piety under Nemelex Xobeh
  6481 | D:5      | Received a gift from Nemelex Xobeh
  6512 | D:5      | Reached skill level 5 in Spellcasting
  6922 | D:6      | Found a sacrificial altar of Ru.
  7214 | D:6      | Found an iron altar of Okawaru.
  7235 | D:6      | Received a gift from Nemelex Xobeh
  7443 | D:7      | Found an ornate altar of the Wu Jian Council.
  7489 | D:7      | Reached **** piety under Nemelex Xobeh
  7490 | D:7      | Found a staircase to the Ecumenical Temple.
  7567 | D:7      | Noticed Pikel
  7672 | D:7      | Identified the ring of Sefoc {*Slow rPois rF+ rN+ Str+8}
  7697 | D:7      | Reached XP level 9. HP: 13/44 MP: 3/19
  8021 | D:7      | Noticed Prince Ribbit
  8048 | D:7      | Killed Prince Ribbit
  8191 | D:7      | Killed Pikel
  8192 | D:7      | Reached skill level 5 in Dodging
  8259 | D:7      | Learned a level 4 spell: Petrify
  8544 | D:7      | Found a radiant altar of Vehumet.
  8816 | D:8      | Received a gift from Nemelex Xobeh
  9096 | D:8      | Reached XP level 10. HP: 36/49 MP: 3/22
  9242 | D:8      | Noticed a centaur warrior
  9551 | D:8      | Killed a centaur warrior
  9689 | D:8      | Noticed a centaur warrior
  9732 | D:8      | Received a gift from Nemelex Xobeh
  9984 | D:8      | Killed an unseen horror
 10094 | D:8      | Noticed a boulder beetle
 10104 | D:8      | a centaur warrior changed into a steelbarb worm
 10104 | D:8      | Noticed a steelbarb worm
 10303 | D:8      | Killed a steelbarb worm
 10902 | D:9      | Reached skill level 5 in Invocations
 10915 | D:9      | Reached skill level 10 in Earth Magic
 11014 | D:9      | Identified the +7 sling "Vyveh" {flame, rPois Stlth+}
 11185 | D:9      | Identified the +8 rapier "Sap Mugh" {protect, SInv}
 11204 | D:9      | Reached XP level 11. HP: 52/52 MP: 12/24
 11567 | D:9      | Found Weriwn's Weapon Emporium.
 11738 | D:9      | Reached ***** piety under Nemelex Xobeh
 11738 | D:9      | Received a gift from Nemelex Xobeh
 12234 | D:10     | Entered Level 10 of the Dungeon
 12325 | D:10     | Found a stormy altar of Qazlal.
 12519 | D:10     | Reached skill level 5 in Conjurations
 12690 | D:10     | Found a staircase to the Orcish Mines.
 13063 | D:10     | Reached skill level 5 in Fighting
 13131 | D:10     | Found a staircase to the Lair.
 13196 | D:10     | Identified the +0 scale mail of the Pleiades {rN++ Regen+
                  | Int+3 Dex-5}
 13312 | D:10     | Reached XP level 12. HP: 53/60 MP: 17/26
 13594 | D:10     | Found a glowing golden altar of the Shining One.
 13624 | D:10     | Found a hazy altar of Hepliaklqana.
 13675 | D:11     | Found a frozen archway.
 13812 | IceCv    | Entered an ice cave
 14225 | IceCv    | Noticed a quicksilver ooze
 14231 | IceCv    | Killed a quicksilver ooze
 14232 | IceCv    | Reached skill level 10 in Spellcasting
 15643 | IceCv    | Noticed an azure jelly
 15644 | IceCv    | Noticed an azure jelly
 15661 | IceCv    | Killed an azure jelly
 15661 | IceCv    | Killed an azure jelly
 15770 | IceCv    | Found a viscous altar of Jiyva.
 15784 | IceCv    | Identified the amulet "Ureucs" {Regen+ Str+5 Dex+3}
 15789 | IceCv    | Got the +2 short sword of Abomination {freeze, rPois Int+3}
 16053 | D:11     | Reached skill level 10 in Invocations
 16134 | D:11     | Reached XP level 13. HP: 65/65 MP: 18/28
 16547 | D:11     | Reached skill level 1 in Short Blades
 16708 | Lair:1   | Entered Level 1 of the Lair of Beasts
 16708 | Lair:1   | Received a gift from Nemelex Xobeh
 17358 | Lair:1   | Identified the +5 flail "Xick" {flame, rC+ Int+5}
 17395 | Lair:1   | Reached skill level 1 in Air Magic
 17434 | Lair:1   | Identified the +6 short sword of Growth {protect, rF+++}
 17990 | Lair:2   | Found a staircase to the Swamp.
 18240 | Lair:2   | Found a staircase to the Snake Pit.
 18697 | Lair:2   | Received a gift from Nemelex Xobeh
 19012 | Lair:3   | Received a gift from Nemelex Xobeh
 19181 | Lair:3   | Identified the ring of the Oligarchy {rN+ Str+6}
 19698 | Lair:3   | Received a gift from Nemelex Xobeh
 19851 | Lair:3   | Reached XP level 14. HP: 62/70 MP: 13/31
 19901 | Lair:3   | Reached skill level 5 in Air Magic
 20695 | Lair:4   | Received a gift from Nemelex Xobeh
 21384 | Lair:5   | Entered Level 5 of the Lair of Beasts
 21822 | Lair:5   | Found a staircase to the Slime Pits.
 21922 | Lair:5   | Reached skill level 10 in Conjurations
 22451 | Lair:5   | Received a gift from Nemelex Xobeh
 22873 | Lair:5   | Reached skill level 10 in Air Magic
 23003 | Lair:5   | Learned a level 5 spell: Arcjolt
 23418 | Lair:5   | Reached XP level 15. HP: 62/74 MP: 13/32
 23946 | D:12     | Found a gate leading to a gauntlet.
 23951 | Gauntlet | Entered a Gauntlet
 23951 | Gauntlet | Found a transporter.
 23951 | Gauntlet | Found a transporter.
 23969 | Gauntlet | Found a transporter.
 23973 | Gauntlet | Found a transporter.
 23981 | Gauntlet | Found a transporter.
 23985 | Gauntlet | Found a transporter.
 23989 | Gauntlet | Found a runed translucent door.
 23991 | Gauntlet | Found a runed translucent door.
 23993 | Gauntlet | Found a transporter.
 24013 | Gauntlet | Found a transporter.
 24024 | Gauntlet | Found a transporter.
 24028 | Gauntlet | Found a transporter.
 24030 | Gauntlet | Found a runed translucent gate.
 24030 | Gauntlet | Found a runed translucent gate.
 24030 | Gauntlet | Found a runed translucent gate.
 24036 | Gauntlet | Found a transporter.
 24040 | Gauntlet | Found a transporter.
 24301 | Gauntlet | Reached skill level 5 in Short Blades
 24435 | Gauntlet | Identified the +6 short sword "Hilorrokiun" {freeze, *Rage
                  | Str+5}
 24889 | D:12     | Found a portal to a secret trove of treasure.
 25094 | D:12     | Received a gift from Nemelex Xobeh
 26529 | D:13     | Identified 2 scrolls of acquirement
 26854 | D:13     | Identified the +1 leather armour "Tuenoxemy" {rPois Int+3}
 27046 | D:13     | Noticed Josephine
 27049 | D:13     | Received a gift from Nemelex Xobeh
 27065 | D:13     | Killed Josephine
 27566 | D:14     | Found a runed translucent gate.
 27805 | D:14     | Found a runed translucent gate.
 27806 | D:14     | Found a runed translucent gate.
 27811 | D:14     | Noticed Jawn's ghost (journeyman GrEE)
 28156 | D:14     | Found a gate to the Vaults.
 28508 | D:14     | Reached skill level 10 in Dodging
 29034 | D:15     | Entered Level 15 of the Dungeon
 29045 | D:15     | Received a gift from Nemelex Xobeh
 29281 | D:15     | Learned a level 2 spell: Blink
 29315 | D:15     | Reached XP level 16. HP: 84/84 MP: 8/33
 29328 | D:15     | Reached skill level 1 in Translocations
 29367 | D:15     | Found Wiskisyo's Magic Scroll Emporium.
 29372 | D:15     | Bought a scroll of fear for 48 gold pieces
 29372 | D:15     | Bought a scroll of enchant armour for 90 gold pieces
 29372 | D:15     | Bought a scroll of enchant armour for 90 gold pieces
 29951 | D:15     | Reached skill level 10 in Fighting
 30254 | D:15     | Found a staircase to the Depths.
 30678 | Orc:1    | Entered Level 1 of the Orcish Mines
 30678 | Orc:1    | Received a gift from Nemelex Xobeh
 30681 | Orc:1    | Noticed Erica
 30689 | Orc:1    | Killed Erica
 31062 | Orc:1    | Found Taisoto's Book Emporium.
 31146 | Orc:2    | Entered Level 2 of the Orcish Mines
 31146 | Orc:2    | Found a runed translucent gate.
 31146 | Orc:2    | Found a runed translucent gate.
 31146 | Orc:2    | Found a runed translucent gate.
 31179 | Orc:2    | Noticed KimchiStew's ghost (journeyman FoMo)
 31194 | Orc:2    | Found Juill's Book Shoppe.
 31208 | Orc:2    | Received a gift from Nemelex Xobeh
 31488 | Orc:2    | Noticed Sonja
 31490 | Orc:2    | Found a staircase to the Elven Halls.
 31495 | Orc:2    | Killed Sonja
 31525 | Orc:2    | Found Xoofehee's Magic Scroll Shop.
 31596 | Orc:2    | Found Wenahe's Magic Scroll Boutique.
 31619 | Orc:2    | Noticed Donald
 31636 | Orc:2    | Donald changed into Donald the goliath frog
 31636 | Orc:2    | Noticed Donald
 31644 | Orc:2    | Killed Donald the goliath frog
 31727 | Orc:2    | Received a gift from Nemelex Xobeh
 31842 | Orc:2    | Found Veaqull's Book Boutique.
 31863 | Orc:2    | Found Logecu's Assorted Antiques.
 31863 | Orc:2    | Found Ogaog's Book Emporium.
 31865 | Orc:2    | Found Ycreg's Book Shoppe.
 31867 | Orc:2    | Found Xusei's General Store.
 31874 | Orc:2    | Bought a scroll of blinking for 82 gold pieces
 32124 | Orc:2    | Found an iron altar of Okawaru.
 32275 | Orc:2    | Acquired 683 gold pieces
 32277 | Orc:2    | Acquired 773 gold pieces
 32317 | Orc:2    | Bought a blackened wooden ring for 160 gold pieces
 32322 | Orc:2    | Bought a manual of Spellcasting for 1360 gold pieces
 32380 | Orc:1    | Bought a book of the Earth for 504 gold pieces
 32386 | Orc:1    | Learned a level 5 spell: Lee's Rapid Deconstruction
 32393 | Orc:1    | Learned a level 6 spell: Statue Form
 32499 | Snake:1  | Entered Level 1 of the Snake Pit
 32757 | Snake:1  | Reached ****** piety under Nemelex Xobeh
 33440 | Snake:1  | Found Marduk's Dragon-Slaying Spoils.
 34143 | Snake:1  | Reached skill level 5 in Transmutations
 35207 | Snake:2  | Reached XP level 17. HP: 89/89 MP: 12/35
 35642 | Snake:2  | Received a gift from Nemelex Xobeh
 35960 | Snake:2  | Received a gift from Nemelex Xobeh
 36230 | Snake:2  | Noticed Aizul
 36250 | Snake:2  | Killed Aizul
 36677 | Snake:2  | Received a gift from Nemelex Xobeh
 36787 | Snake:3  | Found a transporter.
 36811 | Snake:3  | Found a transporter.
 36811 | Snake:3  | Noticed wjtupper's ghost (adept MiHu)
 36815 | Snake:3  | Found a bloodstained altar of Trog.
 37073 | Snake:3  | Received a gift from Nemelex Xobeh
 37985 | Snake:3  | Identified the +5 rapier "Grum" {flame, Str+3}
 38074 | Snake:3  | Received a gift from Nemelex Xobeh
 38596 | Snake:4  | Entered Level 4 of the Snake Pit
 39052 | Snake:4  | Received a gift from Nemelex Xobeh
 39306 | Snake:4  | Found a runed translucent door.
 39307 | Snake:4  | Noticed Vorhees's ghost (adept DjCj)
 42096 | Snake:4  | Reached XP level 18. HP: 93/93 MP: 29/37
 42269 | Snake:4  | Received a gift from Nemelex Xobeh
 42282 | Snake:4  | Reached skill level 10 in Transmutations
 42791 | Snake:4  | Got a serpentine rune of Zot
 43411 | Snake:4  | Reached skill level 15 in Earth Magic
 43682 | Snake:4  | Learned a level 5 spell: Borgnjor's Vile Clutch
 43828 | Swamp:1  | Entered Level 1 of the Swamp
 43978 | Orc:2    | Bought a +5 ring of evasion for 396 gold pieces
 44258 | Orc:1    | Bought Siyw's Incunable of Contaminated Teratogeny for 448
                  | gold pieces
 44264 | Orc:1    | Learned a level 5 spell: Irradiate
 44444 | Swamp:1  | Reached skill level 1 in Unarmed Combat
 44652 | Swamp:1  | Identified the +10 hand crossbow "Impbane" {freeze, rN+
                  | Will+ Str-2}
 44714 | Swamp:1  | Received a gift from Nemelex Xobeh
 45256 | Swamp:2  | Received a gift from Nemelex Xobeh
 45740 | Swamp:3  | Received a gift from Nemelex Xobeh
 46089 | Swamp:3  | Received a gift from Nemelex Xobeh
 46096 | Swamp:3  | Noticed a tentacled monstrosity
 46109 | Swamp:3  | Killed a tentacled monstrosity
 46110 | Swamp:3  | Reached skill level 15 in Spellcasting
 46172 | Swamp:3  | Acquired the +0 cloak "Voesasti" {rElec rC+ Will++ Stlth-}
 46343 | Swamp:4  | Entered Level 4 of the Swamp
 46343 | Swamp:4  | Noticed a tentacled monstrosity
 46351 | Swamp:4  | Reached XP level 19. HP: 99/99 MP: 18/39
 46353 | Swamp:4  | Killed a tentacled monstrosity
 46457 | Swamp:4  | Noticed Mara
 46528 | Swamp:4  | Noticed Flugkiller's illusion
 46667 | Swamp:4  | Noticed Flugkiller's illusion
 46677 | Swamp:3  | Noticed Flugkiller's illusion
 46679 | Swamp:3  | Killed Mara
 46816 | Swamp:4  | Reached skill level 5 in Unarmed Combat
 46996 | Swamp:4  | Received a gift from Nemelex Xobeh
 47142 | Swamp:4  | Got a decaying rune of Zot
 47189 | Swamp:4  | Found a runed translucent gate.
 47189 | Swamp:4  | Found a runed translucent gate.
 47189 | Swamp:4  | Found a runed translucent gate.
 47208 | Swamp:4  | Noticed decrepitude's ghost (adept OpTm)
 47208 | Swamp:4  | Noticed KimchiStew's ghost (adept TeCj)
 47304 | Swamp:4  | Killed decrepitude's ghost
 47305 | Swamp:4  | Killed KimchiStew's ghost
 47622 | Vaults:1 | Entered Level 1 of the Vaults
 47917 | Vaults:1 | Gained mutation: Your spells are a little easier to cast,
                  | but a little less powerful. [mutagenic glow]
 47950 | Vaults:1 | Lost mutation: Your spells are a little easier to cast, but
                  | a little less powerful. [potion of mutation]
 47950 | Vaults:1 | Gained mutation: You are vulnerable to heat. (rF-) [potion
                  | of mutation]
 47950 | Vaults:1 | Gained mutation: You expend magic power (3 MP) to
                  | strengthen your wands. [potion of mutation]
 47950 | Vaults:1 | Gained mutation: You have supernaturally acute eyesight.
                  | (SInv) [potion of mutation]
 47951 | Vaults:1 | Lost mutation: You have supernaturally acute eyesight.
                  | (SInv) [potion of mutation]
 47951 | Vaults:1 | Lost mutation: You expend magic power (3 MP) to strengthen
                  | your wands. [potion of mutation]
 47951 | Vaults:1 | Gained mutation: You sometimes lose your temper in combat.
                  | [potion of mutation]
 47951 | Vaults:1 | Gained mutation: Your mind is acute. (Int +4, Str/Dex -1)
                  | [potion of mutation]
 47951 | Vaults:1 | Gained mutation: Your flesh is cold resistant. (rC+)
                  | [potion of mutation]
 47952 | Vaults:1 | Lost mutation: You are vulnerable to heat. (rF-) [potion of
                  | mutation]
 47952 | Vaults:1 | Lost mutation: Your flesh is cold resistant. (rC+) [potion
                  | of mutation]
 47952 | Vaults:1 | Lost mutation: Your mind is acute. (Int +4, Str/Dex -1)
                  | [potion of mutation]
 47952 | Vaults:1 | Gained mutation: You are partially covered in iridescent
                  | scales. (AC +2) [potion of mutation]
 47952 | Vaults:1 | Gained mutation: You are occasionally teleported next to
                  | monsters. [potion of mutation]
 47952 | Vaults:1 | Gained mutation: You are frail. (-10% HP) [potion of
                  | mutation]
 47952 | Vaults:1 | Gained mutation: You have a pair of small antennae on your
                  | head. [potion of mutation]
 47953 | Vaults:1 | Lost mutation: You are partially covered in iridescent
                  | scales. (AC +2) [potion of mutation]
 47953 | Vaults:1 | Lost mutation: You are frail. (-10% HP) [potion of
                  | mutation]
 47953 | Vaults:1 | Gained mutation: You have large cloven feet. [potion of
                  | mutation]
 47953 | Vaults:1 | Gained mutation: You have sharp fingernails. [potion of
                  | mutation]
 47954 | Vaults:1 | Lost mutation: You have a pair of small antennae on your
                  | head. [potion of mutation]
 47954 | Vaults:1 | Lost mutation: You sometimes lose your temper in combat.
                  | [potion of mutation]
 47954 | Vaults:1 | Gained mutation: You are partially covered in iridescent
                  | scales. (AC +2) [potion of mutation]
 47954 | Vaults:1 | Gained mutation: You are agile. (Dex +4, Str/Int -1)
                  | [potion of mutation]
 47955 | Vaults:1 | Lost mutation: You have large cloven feet. [potion of
                  | mutation]
 47955 | Vaults:1 | Lost mutation: You are occasionally teleported next to
                  | monsters. [potion of mutation]
 47955 | Vaults:1 | Lost mutation: You are partially covered in iridescent
                  | scales. (AC +2) [potion of mutation]
 47955 | Vaults:1 | Gained mutation: You expend magic power (3 MP) to
                  | strengthen your wands. [potion of mutation]
 47955 | Vaults:1 | Gained mutation: Your magical capacity is low. (-10% MP)
                  | [potion of mutation]
 47955 | Vaults:1 | Gained mutation: You are partially covered in iridescent
                  | scales. (AC +2) [potion of mutation]
 47955 | Vaults:1 | Gained mutation: You have large cloven feet. [potion of
                  | mutation]
 47956 | Vaults:1 | Lost mutation: You have large cloven feet. [potion of
                  | mutation]
 47956 | Vaults:1 | Lost mutation: Your magical capacity is low. (-10% MP)
                  | [potion of mutation]
 47956 | Vaults:1 | Lost mutation: You expend magic power (3 MP) to strengthen
                  | your wands. [potion of mutation]
 47956 | Vaults:1 | Gained mutation: Your mind is acute. (Int +4, Str/Dex -1)
                  | [potion of mutation]
 48142 | Vaults:1 | Received a gift from Nemelex Xobeh
 48244 | Vaults:1 | Identified the +2 scimitar of Conformity {flame, rF+}
 48775 | Vaults:1 | Found Fuluomn's Weapon Emporium.
 49179 | Vaults:1 | Received a gift from Nemelex Xobeh
 49303 | Vaults:2 | Noticed Jory
 49312 | Vaults:2 | Reached XP level 20. HP: 106/106 MP: 18/41
 49320 | Vaults:2 | Killed Jory
 49414 | Vaults:2 | Noticed Zenata
 49420 | Vaults:2 | Killed Zenata
 49776 | Vaults:2 | Received a gift from Nemelex Xobeh
 49952 | Vaults:2 | Received a gift from Nemelex Xobeh
 50321 | Vaults:2 | Received a gift from Nemelex Xobeh
 50639 | Vaults:2 | Found Duhiar's Antique Armour Shop.
 50923 | Vaults:3 | Noticed Saint Roka
 51147 | Vaults:3 | Killed Saint Roka
 51488 | Vaults:3 | Reached XP level 21. HP: 113/113 MP: 42/42
 51550 | Vaults:3 | Received a gift from Nemelex Xobeh
 51798 | Vaults:3 | Found a staircase to the Crypt.
 52018 | Vaults:4 | Reached skill level 10 in Unarmed Combat
 52388 | Vaults:4 | Received a gift from Nemelex Xobeh
 52780 | Vaults:4 | Received a gift from Nemelex Xobeh
 53318 | Depths:1 | Entered Level 1 of the Depths
 53530 | Depths:1 | Found Ahethraem's Blood Bar.
 53571 | Depths:1 | Received a gift from Nemelex Xobeh
 53728 | Depths:1 | Reached XP level 22. HP: 79/120 MP: 43/43
 53767 | Depths:1 | Found a gateway to Hell.
 54203 | Depths:2 | Received a gift from Nemelex Xobeh
 54228 | Depths:2 | Found a one-way gateway to a ziggurat.
 54587 | Depths:3 | Reached skill level 15 in Unarmed Combat
 55196 | Depths:3 | Found a one-way gate leading to the halls of Pandemonium.
 55197 | Depths:3 | Noticed Boris
 55218 | Depths:3 | Killed Boris
 55297 | Depths:3 | Noticed Parghit
 55323 | Depths:3 | Banished Parghit
 55647 | Depths:3 | Noticed a juggernaut
 55661 | Depths:3 | Killed a juggernaut
 55762 | Depths:3 | Found a burning altar of Makhleb.
 55777 | Depths:3 | Found the +5 glaive of the Guard {elec, spectral, AC+5}
 55808 | Depths:3 | Got the Grimoire of Amorphous Blasting
 55819 | Depths:3 | Identified the +7 chain mail "Pestrirr" {Harm rPois rC-
                  | Dex+2}
 55848 | Depths:3 | Found Ufoikuem's General Store.
 56202 | Depths:3 | Found a one-way gate to the infinite horrors of the Abyss.
 56538 | Depths:4 | Entered Level 4 of the Depths
 56541 | Depths:4 | Noticed a juggernaut
 56662 | Depths:3 | Learned a level 7 spell: Storm Form
 56742 | Depths:4 | Received a gift from Nemelex Xobeh
 56959 | Depths:4 | Killed a juggernaut
 57063 | Depths:4 | Reached skill level 15 in Fighting
 57063 | Depths:4 | Reached XP level 23. HP: 126/126 MP: 45/45
 57085 | Depths:4 | Received a gift from Nemelex Xobeh
 57103 | Depths:4 | Found Pekkiaf's Jewellery Emporium.
 57103 | Depths:4 | Found Dosm's Weapon Shoppe.
 57273 | Depths:4 | Found a gate to the Realm of Zot.
 57721 | Vaults:5 | Entered Level 5 of the Vaults
 57721 | Vaults:5 | Noticed Bai Suzhen
 57724 | Vaults:5 | Noticed a golden dragon
 57884 | Vaults:5 | Noticed a golden dragon
 57905 | Vaults:5 | Killed a golden dragon
 58030 | Vaults:5 | Killed a golden dragon
 58229 | Vaults:5 | Identified the +2 orcbow of Exzaocrim {freeze, rElec}
 58232 | Vaults:5 | Noticed a dread lich
 58238 | Vaults:5 | Killed a dread lich
 58259 | Vaults:5 | Identified the -1 hand axe of Defiance {protect, rPois}
 58508 | Vaults:5 | Identified the +0 leather armour of the Game Afoot {Fly rF+
                  | rC-}
 58544 | Vaults:5 | Identified the staff of earth "Muzy" {rElec Int+2}
 58621 | Vaults:5 | Received a gift from Nemelex Xobeh
 58676 | Vaults:5 | Identified the +0 hand axe of Watchfulness {drain, Str+3}
 58700 | Vaults:5 | Killed Bai Suzhen
 58702 | Vaults:5 | Gained mutation: Armour fits poorly on your strangely
                  | shaped body. [mutagenic glow]
 58743 | Vaults:5 | Identified the ring "Xouge" {*Slow rElec rC+ MP+9}
 58827 | Vaults:5 | Got a silver rune of Zot
 58956 | Vaults:5 | Reached XP level 24. HP: 133/133 MP: 45/45
 59159 | Vaults:5 | Received a gift from Nemelex Xobeh
 59899 | Zot:1    | Entered Level 1 of the Realm of Zot
 60334 | Zot:1    | Learned a level 3 spell: Vhi's Electric Charge
 60720 | Zot:1    | Reached skill level 15 in Dodging
 61140 | Zot:1    | Reached skill level 15 in Transmutations
 61140 | Zot:1    | Reached skill level 15 in Air Magic
 61253 | Zot:1    | Received a gift from Nemelex Xobeh
 62138 | Orc:2    | Bought a runed orb for 384 gold pieces
 62139 | Orc:2    | Bought a shiny orb for 384 gold pieces
 62479 | Zot:2    | Received a gift from Nemelex Xobeh
 62633 | Zot:2    | Reached skill level 1 in Necromancy
 62698 | Zot:2    | Reached skill level 5 in Necromancy
 62781 | Zot:2    | Noticed a curse toe
 62790 | Zot:2    | Killed a curse toe
 62999 | Zot:2    | Reached XP level 25. HP: 138/138 MP: 44/45
 63249 | Zot:2    | Received a gift from Nemelex Xobeh
 63408 | Zot:3    | Found the +4 dragonskin cloak
 63408 | Zot:3    | Noticed Tiamat
 63444 | Zot:2    | Reached skill level 10 in Necromancy
 63978 | Zot:3    | Received a gift from Nemelex Xobeh
 64098 | Zot:3    | You fall into a shaft and drop 1 floor!
 64117 | Zot:4    | Found a transporter.
 64132 | Zot:4    | Identified the +2 robe "Pueh" {+Blink}
 64182 | Zot:4    | Noticed an orb of fire
 64183 | Zot:4    | Gained mutation: You are weak. (Str -2) [an orb of fire]
 64196 | Zot:4    | Killed an orb of fire
 64638 | Zot:3    | Received a gift from Nemelex Xobeh
 65068 | Zot:3    | Banished Tiamat
 65335 | Zot:3    | Received a gift from Nemelex Xobeh
 65606 | Zot:4    | Found a transporter.
 65612 | Zot:4    | Found a transporter.
 65631 | Zot:4    | Found a transporter.
 65828 | Zot:5    | Entered Level 5 of the Realm of Zot
 66035 | Zot:5    | Received a gift from Nemelex Xobeh
 66218 | Zot:5    | Noticed an orb of fire
 66220 | Zot:5    | Noticed an orb of fire
 66221 | Zot:5    | Noticed an orb of fire
 66223 | Zot:5    | Noticed an orb of fire
 66225 | Zot:5    | Noticed an orb of fire
 66230 | Zot:5    | Gained mutation: Your spells are a little easier to cast,
                  | but a little less powerful. [an orb of fire]
 66379 | Zot:5    | Lost mutation: Your spells are a little easier to cast, but
                  | a little less powerful. [an orb of fire]
 66380 | Zot:5    | Gained mutation: You occasionally lose the ability to read
                  | scrolls when taking damage. [an orb of fire]
 66390 | Zot:5    | Gained mutation: You are frail. (-10% HP) [an orb of fire]
 66392 | Zot:5    | Killed an orb of fire
 66393 | Zot:5    | Killed an orb of fire
 66410 | Zot:5    | Killed an orb of fire
 66433 | Zot:4    | Lost mutation: You are partially covered in iridescent
                  | scales. (AC +2) [potion of mutation]
 66433 | Zot:4    | Lost mutation: Your mind is acute. (Int +4, Str/Dex -1)
                  | [potion of mutation]
 66433 | Zot:4    | Lost mutation: You are agile. (Dex +4, Str/Int -1) [potion
                  | of mutation]
 66433 | Zot:4    | Gained mutation: You have hidden genetic defects. [potion
                  | of mutation]
 66433 | Zot:4    | Gained mutation: You are partially covered in iridescent
                  | scales. (AC +2) [potion of mutation]
 66434 | Zot:4    | Lost mutation: You are frail. (-10% HP) [potion of
                  | mutation]
 66434 | Zot:4    | Lost mutation: You have sharp fingernails. [potion of
                  | mutation]
 66434 | Zot:4    | Gained mutation: Your flesh is cold resistant. (rC+)
                  | [potion of mutation]
 66435 | Zot:4    | Lost mutation: You occasionally lose the ability to read
                  | scrolls when taking damage. [potion of mutation]
 66435 | Zot:4    | Lost mutation: You have hidden genetic defects. [potion of
                  | mutation]
 66435 | Zot:4    | Lost mutation: Your flesh is cold resistant. (rC+) [potion
                  | of mutation]
 66435 | Zot:4    | Gained mutation: You have sharp toenails. [potion of
                  | mutation]
 66477 | Zot:4    | Learned a level 7 spell: Dragon Form
 66591 | Zot:5    | Noticed a Killer Klown
 66654 | Zot:5    | Killed a Killer Klown
 67189 | Zot:5    | Lost mutation: You are weak. (Str -2) [an orb of fire]
 67191 | Zot:5    | Killed an orb of fire
 67378 | Zot:5    | Reached XP level 26. HP: 35/145 MP: 1/46
 67574 | Zot:5    | Noticed a Killer Klown
 67577 | Zot:5    | Noticed a Killer Klown
 67578 | Zot:5    | Noticed an orb of fire
 67600 | Zot:4    | Killed an orb of fire
 67608 | Zot:4    | Killed a Killer Klown
 67700 | Zot:5    | Noticed an orb of fire
 67709 | Zot:4    | Killed an orb of fire
 67786 | Zot:5    | Gained mutation: Your spells are a little easier to cast,
                  | but a little less powerful. [an orb of fire]
 67798 | Zot:4    | Gained mutation: You sometimes lose your temper in combat.
                  | [an orb of fire]
 67800 | Zot:4    | Killed an orb of fire
 68007 | Zot:5    | Killed a Killer Klown
 68026 | Zot:4    | Lost mutation: You sometimes lose your temper in combat.
                  | [potion of mutation]
 68026 | Zot:4    | Lost mutation: You are partially covered in iridescent
                  | scales. (AC +2) [potion of mutation]
 68026 | Zot:4    | Lost mutation: You have sharp toenails. [potion of
                  | mutation]
 68026 | Zot:4    | Gained mutation: You possess an exceptional clarity of
                  | mind. [potion of mutation]
 68068 | Zot:5    | Noticed an ancient lich
 68083 | Zot:5    | Killed an ancient lich
 68162 | Zot:5    | Received a gift from Nemelex Xobeh
 68493 | Zot:5    | Got the Orb of Zot
 68589 | Zot:3    | Noticed Zeadel the pandemonium lord
 68772 | Depths:4 | Noticed a seraph
 69234 | D:1      | gg
 69235 | D:$      | Escaped with the Orb!

Illustrated notes

....########.# ###########.## #
.##.##.......# #.# #
..#.##.####### #.# # _...##.# #.#
# ..#.##.## ############# #.# #
.##.....###...........####.######
....#####...###...###...###..>.##
#######...####.....####...####.÷.
....##).#####...@...#####..######
#####..## ##.........## ##..##
####..## ##...........## ##..##
.##..## ##......#......## ##..##
##..## ##......###......## ##..##
##.## ##......## ##......## ##.##
#..# ##......## ##......## #..#
#.####......## ##......####.#
)..........## ##...^......#


Turn 69234 on D:1: gg

Levels and vault maps discovered:
D:1:      dpeg_arrival_central, layout_loops_ring, ebering_ecumenical_altar_box,
          minmay_misc_feat_columns
D:2:      layout_loops_cross, nicolae_nh_oracle_at_delphi, uniq_robin,
          uniq_natasha
D:3:      layout_loops_corners, uniq_crazy_yiuf_cottage, uniq_ijyb, uniq_terence
D:4:      minmay_opposing_rooms, layout_cave_pods, kennysheep_mini_moat
D:5:      layout_cave_pools, serial_bayou, serial_bayou_pond_e,
          serial_bayou_pond_a, serial_bayou_shore_a, serial_bayou_pond_d
D:6:      layout_cave_pools, nicolae_ru_awakened_eye, okawaru_trees_1,
          serial_column_ruins, column_ruins_grid_1, column_ruins_grid_3,
          column_ruins_corridor_dead_end, column_ruins_open_small,
          column_ruins_columns_straight, hellmonk_bongcloud_opening,
          chequers_garden, chequers_serial_rivers_micro_b
D:7:      minmay_evil_eye, layout_loops_cross, nzn_wu_jian_council_hall,
          vehumet_statue, minmay_temple_entry_mist, minmay_hedge_maze,
          uniq_prince_ribbit1, uniq_pikel
D:8:      minmay_curly_fans, layout_loops_cross
D:9:      minmay_four_partial_circles, layout_stronghold, serial_shops,
          nicolae_take_the_stairs, roderic_lattice_a, minmay_misc_feat_roman
D:10:     layout_basic, grunt_qazlal_clouds,
          nicolae_hepliaklqana_monster_ancestors, general_overflow_altar,
          minmay_lair_entry_grove, kennysheep_orc_monster_closet_entryway
D:11:     layout_long_grid, serial_ice, serial_ice_m, serial_ice_n,
          serial_ice_h, serial_ice_k, portal_ice_cave_entry_imps
D:12:     layout_loops_ring, gauntlet_entry_generic,
          nicolae_trove_entry_crossroad
D:13:     layout_cave_pods, hangedman_cracks_in_the_wall, uniq_josephine
D:14:     layout_long_grid, grunt_vaults_entry_tiered,
          gammafunk_ghost_hydra_chop, serial_park_gazebo
          [serial_park_minivault_5x5_4]
D:15:     hangedman_depths_entry_try_elsewhere_first, layout_irregular_city,
          serial_shops, shop_statue, serial_bayou_pond_e
Lair:1:   layout_roguey [special_room_bee], serial_bayou_pond_d
Lair:2:   layout_long_grid, minmay_swamp_entry_worms,
          minmay_snake_entry_guardpost_medium, grunt_megastairs_1
Lair:3:   layout_chaotic_city
Lair:4:   layout_roguey, patterned_corridor, lemuel_fruit_tree,
          grunt_megastairs_5
Lair:5:   grunt_lair_end_beastmaster, layout_cave_pods, slime_entry_1,
          grunt_megastairs_3, serial_bayou_shore_b
Swamp:1:  layout_basic_swamp, evilmike_swamp_ruin_rubble_1, swamp_pool3,
          st_swamp_ruins_4, infiniplex_staircase_pool_2
Swamp:2:  layout_falls_marsh, serial_swamp_ruin, evilmike_swamp_ruin_house_5,
          hangedman_swamp_ruin_wall, evilmike_swamp_ruin_house_4
Swamp:3:  layout_basic_swamp, evilmike_swamp_ruin_house_3,
          infiniplex_staircase_pool
Swamp:4:  swamp_fiery, layout_basic_swamp, gammafunk_ghost_cemetery, uniq_mara
Snake:1:  layout_honeycomb, nicolae_shop_dragon_depot, grunt_megastairs_2
Snake:2:  layout_gridlike, nicolae_snake_single_loop, uniq_aizul
Snake:3:  layout_layer_cave, gammafunk_ghost_wrathful_warriors,
          nicolae_fountain_basement
Snake:4:  grunt_snake_rune_spirals, layout_concentric_octagons,
          ebering_ghost_inner_flame
Orc:1:    layout_caves, serial_shops, nicolae_shop_back_alley_shop, uniq_erica
Orc:2:    st_orc_rangers, layout_caves, gammafunk_ghost_fury_of_okawaru,
          serial_shops, nicolae_shop_getting_attention, shop,
          nicolae_shop_waterfront, nicolae_shop_just_a_little_nook, uniq_donald,
          uniq_sonja
Vaults:1: nicolae_vaults_taking_the_gang_shopping, nicolae_vaults_tangram_1,
          nicolae_vaults_disjoint_gnomons, nicolae_vaults_little_squares_5,
          vaults_mumra_minichess, nicolae_vaults_two_Ls,
          nicolae_vaults_security_offices_4, v_misc_4, nicolae_vaults_alarming,
          nicolae_vaults_little_squares_6, vaults_dpeg_encased_lava,
          ontoclasm_vaults_fault, nicolae_vaults_mini_display_case,
          layout_vaults_chaotic_city, serial_glass
Vaults:2: nicolae_vaults_mitosis, vaults_mumra_minichess_inversion,
          nicolae_vaults_disjoint_gnomons, nicolae_vaults_specimen_jars,
          grunt_vaults_twisty, vaults_room_glass_cross,
          ontoclasm_vaults_gateway, nicolae_vaults_little_squares_5,
          layout_vaults_quadrants, serial_shops, nicolae_shop_back_alley_shop,
          uniq_zenata, uniq_jory
Vaults:3: nicolae_vaults_disjoint_gnomons, blue_anna_dwarven_crypt,
          vaults_room_door_hall, v_misc_12, nicolae_vaults_heist,
          nicolae_vaults_little_squares_1, ontoclasm_vaults_ring_square,
          nicolae_vaults_wrenched, nicolae_vaults_library_corner,
          nicolae_vaults_circle_grid_b, vaults_room_semicircle,
          nicolae_vaults_little_squares_1, nicolae_vaults_trapezoid_lopsided_2,
          vaults_mumra_chevron, layout_vaults_omnicross, uniq_saint_roka
Vaults:4: vaults_room_stairs_pillars, vaults_room_ringed_pool,
          vaults_room_grunt_arrival_checkpoint, hangedman_vaults_unwind,
          nicolae_vaults_closet_pinwheel_1, nicolae_vaults_lightning_bolt,
          ontoclasm_vaults_loading_screen, nicolae_vaults_storage_closets_3,
          grunt_vaults_diagonal, ontoclasm_vaults_eye, st_lattice,
          ontoclasm_vaults_chip, layout_vaults_ring
Vaults:5: uniq_bai_suzhen
Depths:1: layout_cave_shapes, hell_entry, minmay_misc_feat_square,
          guppyfry_shop_blood, nicolae_integral_box,
          infiniplex_staircase_pool_lava
Depths:2: minmay_blocking_statues, layout_honeycomb, enter_ziggurat_b,
          grunt_pan_entry_zigzag, hex_tiny, hell_entry, abyss_entry,
          chequers_serial_rivers_micro_a, kennysheep_generic_room_16,
          infiniplex_staircase_diamond, uniq_grunn
Depths:3: minmay_the_grid_triangle_9x9_recursive_2_mashed
          [minmay_the_grid_triangle_9x9_prize_insulated,
          minmay_the_grid_triangle_9x9_negative_grid,
          minmay_the_grid_triangle_9x9_shrine,
          minmay_the_grid_triangle_9x9_alien], layout_cave_pools,
          grunt_hell_entry_dis_mu, serial_shops, shop, nrook_uturn,
          rand_demon_pan_entry_7, abyss_entry_small_statue_room, uniq_boris,
          uniq_parghit
Depths:4: evilmike_zot_entry_diamond, layout_cave_shapes,
          roderic_serpentine_path, hell_entry, abyss_entry, grunt_ministairs_9,
          minmay_shoptagon
Zot:1:    grunt_deathspiral_small, layout_concentric_octagons,
          grunt_ministairs_2
Zot:2:    layout_twisted_circle
Zot:3:    layout_cathedral_of_symmetry, uniq_tiamat
Zot:4:    layout_misc_corridors, nicolae_transporter_intersection
Zot:5:    layout_concentric_octagons

Skill      XL: |  1  2  3  4  5  6  7  8  9 10 11 12 13 14 15 16 17 18 19 20 21 22 23 24 25 26 |
---------------+-------------------------------------------------------------------------------+-----
Spellcasting   | 3 4 6 7 8 9 10 12 13 14 15 16 17 18 | 18.0
Earth Magic    | 4 5 6 7 10 13 15 17 | 17.0
Fighting       | 1 2 3 5 6 9 10 11 13 14 15 16 17 18 | 18.0
Invocations    | 2 4 6 7 10 12 13 14 | 14.0
Conjurations   | 1 2 4 6 8 10 | 10.0
Dodging        | 3 5 6 8 10 12 13 14 15 17 18 | 18.0
Transmutations | 3 4 5 9 10 11 14 15 | 15.0
Short Blades   | 4 6 |  6.0
Air Magic      | 4 10 11 14 15 | 15.0
Translocations | 4 |  4.0
Unarmed Combat | 3 6 9 14 15 16 17 | 17.7
Necromancy     | 8 10 | 10.0
Stealth        | |  2.4

Action                     |  1- 3 |  4- 6 |  7- 9 | 10-12 | 13-15 | 16-18 | 19-21 | 22-24 | 25-27 || total
---------------------------+-------+-------+-------+-------+-------+-------+-------+-------+-------++-------
  Melee: Whip              |    15 |       |       |       |       |       |       |       |       ||    15
         Bite              |     3 |     3 |       |    24 |   401 |   563 |   651 |   604 |   269 ||  2518
         Dagger            |     3 |     6 |       |       |       |       |       |       |       ||     9
         Mace              |       |     8 |     1 |    38 |       |       |       |       |       ||    47
         Rapier            |       |       |       |    23 |   856 |   838 |       |       |       ||  1717
         Punch             |       |       |       |       |    11 |    29 |   120 |   190 |     9 ||   359
         Flail             |       |       |       |       |       |    43 |       |       |       ||    43
         Unarmed           |       |       |       |       |       |   287 |  1152 |  1122 |   503 ||  3064
         Staff             |       |       |       |       |       |       |       |    10 |       ||    10
         Kick              |       |       |       |       |       |       |       |       |    45 ||    45
         Tailslap          |       |       |       |       |       |       |       |       |    16 ||    16
  Throw: Boomerang         |       |       |       |     1 |       |       |       |       |       ||     1
         Dart              |       |       |       |       |     8 |     1 |       |       |     1 ||    10
   Cast: Sandblast         |    52 |    80 |   187 |   423 |   289 |       |       |       |       ||  1031
         Stone Arrow       |       |       |    17 |    52 |   335 |    65 |       |       |       ||   469
         Arcjolt           |       |       |       |       |    17 |    17 |     2 |       |       ||    36
         Petrify           |       |       |       |       |     1 |       |       |       |       ||     1
         Lee's Rapid Decon |       |       |       |       |       |   334 |     7 |     2 |       ||   343
         Statue Form       |       |       |       |       |       |    32 |    88 |    89 |    63 ||   272
         Irradiate         |       |       |       |       |       |     9 |    37 |    34 |    21 ||   101
         Borgnjor's Vile C |       |       |       |       |       |     3 |    27 |    42 |    19 ||    91
         Blink             |       |       |       |       |       |       |       |     1 |       ||     1
         Storm Form        |       |       |       |       |       |       |       |    14 |       ||    14
         Dragon Form       |       |       |       |       |       |       |       |       |    10 ||    10
 Invoke: Draw Destruction  |       |     1 |     4 |     9 |    11 |    12 |     6 |     9 |     1 ||    53
         Draw Summoning    |       |       |     1 |     3 |     1 |     2 |       |     7 |     2 ||    16
         Draw Escape       |       |       |     1 |       |       |       |       |       |       ||     1
         Triple Draw       |       |       |       |     1 |     4 |       |     3 |     4 |     5 ||    17
         Deal Four         |       |       |       |     2 |     1 |       |     4 |     4 |     1 ||    12
         Stack Five        |       |       |       |       |       |       |       |     1 |       ||     1
         Draw Stack        |       |       |       |       |       |       |       |       |     1 ||     1
Ability: End Transformatio |       |       |       |       |       |       |     2 |     4 |    18 ||    24
  Evoke: Wand              |       |       |       |     1 |       |       |       |     1 |     3 ||     5
    Use: Scroll            |       |     6 |     6 |     5 |     9 |     8 |     7 |    10 |    13 ||    64
         Potion            |       |       |     1 |     2 |     1 |       |     7 |       |     8 ||    19
   Stab: Sleeping          |       |       |       |       |     2 |     2 |       |     1 |       ||     5
         Distracted        |       |       |       |       |     1 |       |       |       |       ||     1
         Petrified         |       |       |       |       |     3 |       |       |       |       ||     3
 Armour: Robe              |    14 |    14 |    51 |    48 |       |     8 |     2 |     8 |     5 ||   150
         Steam dragon scal |       |       |       |   106 |   462 |       |       |       |       ||   568
         Leather armour    |       |       |       |       |    89 |   251 |       |       |       ||   340
         Skin              |       |       |       |       |       |   365 |   661 |   598 |   242 ||  1866
  Dodge: Dodged            |    38 |    37 |    93 |   256 |  1298 |  2173 |  3099 |  1902 |   795 ||  9691

Table legend: (Time is in decaauts)
 A = Elapsed time spent in this place.
 B = Non-inter-level travel time spent in this place.
 C = Inter-level travel time spent in this place.
 D = Time resting spent in this place.
 E = Time spent auto-exploring this place.
 F = Levels seen in this place.
 G = Mean time per level.
                   A        B        C        D        E       F      G
               +--------+--------+--------+--------+--------+-----+--------+
         Total |  75098 |  69327 |   5771 |  18987 |  28374 |  46 | 1632.6 |
       Dungeon |  22743 |  20506 |   2237 |   5697 |   9265 |  15 | 1516.2 |
          Lair |   7763 |   7047 |    716 |   2375 |   2634 |   5 | 1552.6 |
         Swamp |   4423 |   4113 |    310 |    427 |   2140 |   4 | 1105.8 |
     Snake Pit |  11489 |  11283 |    206 |   5294 |   3360 |   4 | 2872.2 |
  Orcish Mines |   1973 |   1591 |    382 |    175 |    898 |   2 |  986.5 |
        Vaults |   9599 |   8959 |    640 |    900 |   4281 |   5 | 1919.8 |
        Depths |   5108 |   4606 |    502 |    647 |   2349 |   4 | 1277.0 |
           Zot |   9285 |   8510 |    775 |   2001 |   3241 |   5 | 1857.0 |
      Ice Cave |   2187 |   2187 |      0 |   1351 |    103 |   1 | 2187.0 |
      Gauntlet |    524 |    524 |      0 |    117 |    100 |   1 |  524.0 |
               +--------+--------+--------+--------+--------+-----+--------+

Top non-repeatable levels by time:
 Snake:4: 3834 daAuts
 Snake:3: 3045 daAuts
     D:2: 2527 daAuts
 Snake:1: 2493 daAuts
Vaults:5: 2392 daAuts
    D:13: 2277 daAuts
   IceCv: 2187 daAuts
   Zot:5: 2137 daAuts
 Snake:2: 2116 daAuts
Vaults:1: 2101 daAuts
  Lair:5: 2041 daAuts
   Zot:1: 1947 daAuts
    D:10: 1937 daAuts
Vaults:2: 1925 daAuts
     D:8: 1920 daAuts
